 Dungeon Crawl Stone Soup version 0.24-a0-613-g1ff6aac338 (webtiles) character file.

Game seed: 5022686415658193020, levelgen mode: deterministic

130 MirrMurr the Sneak (level 4, -2/21 HPs)
             Began as a Spriggan Enchanter on Sept 12, 2019.
             Was an Initiate of Okawaru.
             Killed from afar by an orc wizard (10 damage)
             ... with a magic dart
             ... on level 3 of the Dungeon.
             The game lasted 00:07:33 (3238 turns).

MirrMurr the Sneak (Spriggan Enchanter)             Turns: 3238, Time: 00:07:33

Health: -2/21      AC:  2    Str:  5    XL:     4   Next: 89%
Magic:  1/9        EV: 17    Int: 16    God:    Okawaru [......]
Gold:   162        SH:  0    Dex: 16    Spells: 0/8 levels left

rFire    . . .     SeeInvis +   a - +2 dagger
rCold    . . .     Gourm    .   (shield restricted)
rNeg     . . .     Faith    .   b - +0 robe
rPois    .         Spirit   .   (helmet restricted)
rElec    .         Reflect  .   (no cloak)
rCorr    .         Harm     .   (gloves unavailable)
MR       .....                  (boots unavailable)
Stlth    +++.......             (no amulet)
HPRegen  0.07/turn              (no ring)
MPRegen  0.11/turn              (no ring)

@: very slightly contaminated, heavily drained, very quick
A: very small, unfitting armour, see invisible, herbivore, speed 3, slow
metabolism 2
a: Renounce Religion


You were on level 3 of the Dungeon.
You worshipped Okawaru.
Okawaru was noncommittal.
You were hungry.

You visited 1 branch of the dungeon, and saw 4 of its levels.

You collected 162 gold pieces.

Inventory:

Hand Weapons
 a - a +2 dagger (weapon)
Missiles
 m - 65 stones (quivered)
Armour
 b - a +0 robe (worn)
Jewellery
 g - an uncursed ring of resist corrosion {unknown}
 l - an uncursed ring of see invisible {unknown}
Scrolls
 f - a scroll of teleportation
 h - a scroll of enchant armour {unknown}
 i - a scroll of remove curse {unknown}
 j - a scroll of random uselessness {unknown}
Potions
 d - a potion of ambrosia
 e - 2 potions of curing
 n - 2 potions of haste
 o - a potion of lignification {unknown}
Comestibles
 c - 8 rations


   Skills:
 + Level 3.7(2.5) Short Blades
 - Level 3.0(1.7) Dodging
 + Level 6.9(5.5) Stealth
 - Level 2.6(1.4) Spellcasting
 - Level 3.6(2.3) Hexes


You couldn't memorise any spells.
You knew the following spells:

 Your Spells              Type           Power        Failure   Level  Hunger
a - Ensorcelled Hibernat  Hex/Ice        #.....       21%         2    ###....
b - Confuse               Hex            #.......     26%         3    ####...
c - Tukima's Dance        Hex            #.......     26%         3    ####...

Your spell library contained the following spells:

 Spells                   Type           Power        Failure   Level  Hunger
 Corona                   Hex            #......      9%          1    ##.....
 Dazzling Spray           Conj/Hex       #.....       38%         3    ####...


Dungeon Overview and Level Annotations

Branches:
Dungeon (4/15)
 Temple: D:4-7

Altars:
Cheibriados
Okawaru
Xom
Zin

Annotations:
D:2 dig out angel?


Innate Abilities, Weirdness & Mutations

You are very small and have problems with some larger weapons.
You are too small for most types of armour.
You have supernaturally acute eyesight. (SInv)
You are a herbivore.
You cover ground extremely quickly.
You need to consume almost no food.


Message History

The orc wizard is moderately wounded.
The orc wizard barely misses you.
Casting: Ensorcelled Hibernation (safe; 19% risk of failure)
Confirm with . or Enter, or press ? or * to list all spells.
Aiming: Ensorcelled Hibernation (safe; 19% risk of failure)
Press: ? - help, Shift-Dir - straight line, f/p - orc wizard
Aim: an orc wizard, wielding a +0 dagger of draining and wearing a +0 robe (moderately wounded, chance to defeat MR: 37%)
You miscast Ensorcelled Hibernation.
Nothing appears to happen.
You are feeling hungry.
The orc wizard hits you with a +0 dagger of draining.
You feel drained.
You are too injured to fight recklessly!
Casting: Ensorcelled Hibernation (safe; 21% risk of failure)
Confirm with . or Enter, or press ? or * to list all spells.
You don't have enough magic to cast that spell.
Unknown command.
You are too injured to fight recklessly!
The orc wizard points at you and mumbles some strange words.
The magic dart hits you!
You die...

#...............###.≈.≈≈.#......
#...............###......####.†.
#.................###''######.[.
##.............^.### #.....)#....
................## ######......
#...............### #..##...
....<......####...########.####..
...........######o#.............!
.#..............@>...........####
.#..)......########..........#
.#...........## #..........#
##........#...# #......)...#
..........#.#.#####[)........#
.##.#######.#..#.............#
.##.##### #.##...##..........#
.##.....# #.##..########..####
.######.###.##.....###...##


You could see an orc wizard.

Vanquished Creatures
  Jessica (D:3)
  5 adders
  2 worms
  2 dart slugs (D:3)
  A leopard gecko (D:1)
  3 orcs (D:3)
  2 bats
  3 giant cockroaches
  4 goblins
  7 hobgoblins
  5 kobolds
  A quokka (D:2)
  4 frilled lizards
  4 rats
44 creatures vanquished.

Notes
Turn   | Place    | Note
-------+----------+-------------------------------------------
     0 | D:1      | MirrMurr the Spriggan Enchanter began the quest for the
                  | Orb.
     0 | D:1      | Reached XP level 1. HP: 9/9 MP: 5/5
   301 | D:1      | Reached XP level 2. HP: 12/13 MP: 6/6
   305 | D:1      | Learned a level 2 spell: Ensorcelled Hibernation
   416 | D:1      | Reached skill level 5 in Stealth
   797 | D:2      | Found a glowing silver altar of Zin.
   797 | D:2      | Found a shimmering altar of Xom.
   797 | D:2      | Noticed an angel
  1261 | D:2      | Reached XP level 3. HP: 16/16 MP: 8/8
  1291 | D:2      | Found an iron altar of Okawaru.
  1309 | D:2      | Became a worshipper of Warmaster Okawaru
  1328 | D:2      | Reached skill level 6 in Stealth
  2290 | D:3      | Noticed Jessica
  2292 | D:3      | Killed Jessica
  2292 | D:3      | Reached XP level 4. HP: 21/21 MP: 9/9
  2824 | D:3      | Learned a level 3 spell: Confuse
  2828 | D:3      | Learned a level 3 spell: Tukima's Dance
  3033 | D:3      | Found a snail-covered altar of Cheibriados.
  3238 | D:3      | Killed from afar by an orc wizard

Levels and vault maps discovered:
D:1:      tarquinn_simple_flora_water_a, layout_basic
D:2:      layout_basic, grunt_temple_overflow_order_and_chaos_1,
          overflow_temple_1_default
D:3:      layout_rooms, kennysheep_slug_shrine, first_ration,
          kennysheep_generic_room_12, uniq_jessica
D:4:      layout_loops_cross, serial_shops,
          nicolae_shop_competitors_out_of_business, hex_large,
          minmay_misc_feat_doors

Skill      XL: |  1  2  3 |
---------------+----------+-----
Stealth        | 5 6 |  6.9
Short Blades   | 2 3 |  3.7
Dodging        | |  3.0
Spellcasting   | |  2.6
Hexes          | |  3.6

Action                   |  1- 3 |  4- 6 || total
-------------------------+-------+-------++-------
Melee: Dagger            |    92 |    38 ||   130
 Cast: Corona            |     6 |       ||     6
       Ensorcelled Hiber |    17 |    16 ||    33
  Use: Scroll            |       |    10 ||    10
 Stab: Sleeping          |    16 |    13 ||    29
  Eat: Ration            |       |     1 ||     1
Armor: Robe              |     9 |     5 ||    14
Dodge: Dodged            |    66 |    28 ||    94

Table legend:
 A = Non-vault XP
 B = Vault XP
 C = Vault XP percentage of total XP
 D = Non-vault monster count
 E = Vault monster count
 F = Vault count percentage of total count
                 A         B        C        D         E       F
            +---------+---------+-------+---------+---------+-------
      Total |     143 |      43 |  23.1 |      41 |       3 |   6.8
            +---------+---------+-------+---------+---------+-------
        D:1 |      30 |       0 |   0.0 |      11 |       0 |   0.0
        D:2 |      66 |       0 |   0.0 |      16 |       0 |   0.0
        D:3 |      47 |      43 |  47.8 |      14 |       3 |  17.6
            +---------+---------+-------+---------+---------+-------
